 Dungeon Crawl Stone Soup version 0.30-a0-313-gae38170b09 (webtiles) character file.

Game seed: 16303336405944755551

2327 Hyperenough the Covert (level 9, -4/39 (42) HPs)
             Began as a Spriggan Enchanter on Oct 26, 2022.
             Was an Initiate of Dithmenos.
             Slain by a wight
             ... wielding a +0 long sword
              (13 damage)
             ... on level 7 of the Dungeon.
             The game lasted 00:36:33 (7770 turns).

Hyperenough the Covert (Spriggan Enchanter)         Turns: 7770, Time: 00:36:35

HP:   -4/39 (42)    AC:  3    Str:  4    XL:     9   Next: 19%
MP:   19/19         EV: 24    Int: 16    God:    Dithmenos [......]
Gold: 147           SH:  0    Dex: 20    Spells: 12/20 levels left

rFire   . . .      SeeInvis +    q - +2 short sword (venom)
rCold   . . .      Faith    .    (no shield)
rNeg    . . .      Spirit   .    b - +1 robe
rPois   .          Reflect  .    (helmet restricted)
rElec   .          Harm     .    (no cloak)
rCorr   .          Rampage  .    (gloves unavailable)
Will    +....                    (boots unavailable)
Stlth   +++++.....               (no amulet)
HPRegen 0.26/turn                d - +4 ring of evasion
MPRegen 0.16/turn                (no ring)

@: drained, very quick
A: very small, no large weapons, unfitting armour, see invisible, speed 3
a: Renounce Religion


You were on level 7 of the Dungeon.
You worshipped Dithmenos.
Dithmenos was noncommittal.
You visited 2 branches of the dungeon, and saw 9 of its levels.

You collected 407 gold pieces.
You spent 260 gold pieces at shops.

Inventory:

Hand Weapons
 a - a +1 dagger
 q - a +2 short sword of venom (weapon)
 r - a +0 dagger of holy wrath
 x - a +0 sling
Missiles
 m - 13 poisoned darts (quivered)
Armour
 b - a +1 robe (worn)
Jewellery
 d - a +4 ring of evasion (left hand)
Wands
 s - a wand of flame (15)
Scrolls
 f - 2 scrolls of fear
 h - 2 scrolls of teleportation
 k - 2 scrolls of immolation
 n - a scroll of magic mapping
 t - a scroll of amnesia
 v - 3 scrolls of enchant armour
Potions
 c - 3 potions of invisibility
 e - 2 potions of magic
 g - a potion of brilliance {unknown}
 i - 2 potions of degeneration {unknown}
 j - a potion of resistance {unknown}
 l - a potion of haste
 o - 2 potions of curing {unknown}
 p - a potion of attraction {unknown}
 u - a potion of berserk rage {unknown}
 w - a potion of heal wounds {unknown}
 z - a potion of might {unknown}


   Skills:
 + Level 1.9 Fighting
 + Level 5.8 Short Blades
 + Level 0.7 Throwing
 + Level 5.2 Dodging
 * Level 12.5 Stealth
 * Level 6.4 Spellcasting
 + Level 5.9 Hexes
 - Level 1.1 Ice Magic
 + Level 0.8 Evocations


You had 12 spell levels left.
You knew the following spells:

 Your Spells              Type           Power      Damage    Failure   Level
a - Ensorcelled Hibernat  Hex/Ice        32%        N/A       4%          2
b - Tukima's Dance        Hex            24%        N/A       3%          3
c - Blink                 Tloc           10%        N/A       21%         2
d - Freeze                Ice            32%        1d5       9%          1

Your spell library contained the following spells:

 Spells                   Type           Power      Damage    Failure   Level
 Confusing Touch          Hex            24%        N/A       3%          3
 Dazzling Flash           Conj/Hex       28%        N/A       12%         3
 Beastly Appendage        Tmut           10%        N/A       13%         1
 Momentum Strike          Conj/Tloc      10%        3d8       21%         2
 Wereblood                Tmut           5%         N/A       21%         2
 Frozen Ramparts          Ice            16%        1d3       24%         3
 Hailstorm                Conj/Ice       7%         3d4       30%         3
 Lesser Beckoning         Tloc           10%        N/A       36%         3
 Spider Form              Tmut/Pois      5%         N/A       36%         3


Dungeon Overview and Level Annotations

Branches:
Dungeon (8/15)             Temple (1/1) D:5
   Lair: D:8-11

Altars:
Ashenzari
Cheibriados
Dithmenos
Elyvilon
Fedhas
Gozag
Hepliaklqana
Kikubaaqudgha
Makhleb
Nemelex Xobeh
Okawaru
Ru
Sif Muna
Trog
Vehumet
Wu Jian
Xom
Yredelemnul
Zin
The Shining One

Shops:
D:1 ?((   D:3 :

Annotations:
D:7 2 transporters, Caerun's ghost, novice DjHW


Innate Abilities, Weirdness & Mutations

You are very small and have problems with some larger weapons.
You are too small for most types of armour.
You have supernaturally acute eyesight. (SInv)
You cover ground extremely quickly. (Speed+++)


Message History

The puff of flame hits the wight.
The wight is heavily damaged.
The wight completely misses you. The wight closely misses you.
A wight comes into view. It is wielding a +0 long sword.
A wight comes into view. It is wielding a +0 trident.
You hit the wight but do no damage.
The wight is heavily damaged.
The wight completely misses you.
You hit the wight but do no damage.
The wight is heavily damaged.
The wight barely misses you.
You hit the wight but do no damage.
The wight is heavily damaged.
You hit the wight but do no damage.
The wight is heavily damaged.
The wight completely misses you.
You hit the wight but do no damage.
The wight is heavily damaged.
The wight completely misses you. The wight misses you.
The wight hits you from afar with a +2 halberd of protection!!
You feel drained.
There is a stone staircase leading up, spattered with blood here.
The wight completely misses you.
The wight hits you from afar with a +2 halberd of protection.
* * * LOW HITPOINT WARNING * * *
You feel drained.
* * * LOW HITPOINT WARNING * * *
The wight closely misses you. The wight misses you.
You climb upwards.
Level annotation: 2 transporters, Caerun's ghost, novice DjHW
There is a stone staircase leading down here.
Aiming: Throw Flame
Press: ? - help, Shift-Dir - straight line, f - wight
Aim: a wight, wielding a +0 long sword and wearing a +0 robe (68% to hit)
The puff of flame hits the wight.
The wight is moderately damaged.
The wight hits you with a +0 long sword!
You die...

.....................####........
....##....####........##.........
#..##..##..##....................
#.....###..................#.....
.....###..................###....
##...##..####.............##....>
####.##.## ##...................
# ##...# #...z..............## #
##.## #...@...........#..##
######.######................#.##
................................#
.......####..|................#..
####...## #..#...................
####....# #..#...................
........###..#...............)...
.........##......................
...#...#..#..#...................


You could see a wight.

Vanquished Creatures
  Pikel (D:3)
  A water moccasin (D:6)
  2 ice beasts (D:5)
  2 black bears
  A sky beast (D:6)
  4 ogres
  A kobold brigand (D:6)
  A necrophage (D:4)
  3 scorpions
  4 howler monkeys
  2 jellies
  2 hounds
  3 orc priests
  Ijyb (D:4)
  An iguana (D:5)
  2 orc wizards
  Robin (D:4)
  5 adders
  4 white imps
  An ufetubus (D:5)
  4 worms
  3 dart slugs
  19 orcs
  6 endoplasms
  2 giant cockroaches
  16 goblins
  13 hobgoblins
  2 quokkas
  5 ball pythons
  5 frilled lizards
  9 kobolds
  8 rats
134 creatures vanquished.

Vanquished Creatures (others)
  2 dancing weapons
2 creatures vanquished.

Grand Total: 136 creatures vanquished

Notes
Turn   | Place    | Note
-------+----------+-------------------------------------------
     0 | D:1      | Hyperenough the Spriggan Enchanter began the quest for the
                  | Orb.
     0 | D:1      | Reached XP level 1. HP: 9/9 MP: 5/5
     4 | D:1      | Found Jimnaiski's Magic Scroll Shop.
    92 | D:1      | Found Ihith's Weapon Shoppe.
   117 | D:1      | Reached skill level 5 in Stealth
   166 | D:1      | Reached XP level 2. HP: 7/13 MP: 6/6
   168 | D:1      | Found Beesotus's Weapon Shoppe.
   425 | D:1      | Found a faded altar of an unknown god.
   440 | D:1      | Learned a level 2 spell: Ensorcelled Hibernation
  1077 | D:2      | You fall into a shaft and drop 2 floors!
  1096 | D:4      | Noticed an ogre
  1103 | D:4      | Noticed Robin
  1138 | D:3      | Reached XP level 3. HP: 16/16 MP: 8/8
  1183 | D:2      | Reached skill level 6 in Stealth
  1975 | D:3      | Found Pausom's Book Boutique.
  2076 | D:3      | Learned a level 3 spell: Tukima's Dance
  2282 | D:3      | Reached XP level 4. HP: 21/21 MP: 9/9
  2606 | D:4      | Noticed Ijyb
  2620 | D:4      | Killed Ijyb
  2762 | D:4      | Reached XP level 5. HP: 16/24 MP: 10/10
  2781 | D:4      | Found a white marble altar of Elyvilon.
  2915 | D:4      | Reached skill level 7 in Stealth
  2958 | D:4      | Killed Robin
  2981 | D:4      | Killed an ogre
  2982 | D:4      | Reached XP level 6. HP: 29/29 MP: 6/12
  3176 | D:4      | Noticed Pikel
  3260 | D:3      | Killed Pikel
  3261 | D:3      | Reached skill level 1 in Fighting
  3261 | D:3      | Reached skill level 8 in Stealth
  3261 | D:3      | Reached skill level 1 in Ice Magic
  3261 | D:3      | Reached XP level 7. HP: 29/33 MP: 6/14
  3534 | D:5      | Entered Level 5 of the Dungeon
  3557 | D:5      | Reached skill level 9 in Stealth
  3615 | D:5      | Reached skill level 5 in Hexes
  3884 | D:5      | Reached skill level 5 in Short Blades
  3884 | D:5      | Reached XP level 8. HP: 37/37 MP: 14/16
  3893 | D:5      | Found a sparkling altar of Nemelex Xobeh.
  4150 | D:5      | Reached skill level 5 in Spellcasting
  4208 | D:5      | Reached skill level 10 in Stealth
  4638 | D:5      | Found a glowing silver altar of Zin.
  4638 | D:5      | Found a shimmering blue altar of Sif Muna.
  4784 | D:5      | Found a staircase to the Ecumenical Temple.
  4790 | Temple   | Entered the Ecumenical Temple
  4817 | Temple   | Became a worshipper of Dithmenos the Shadowed
  5024 | D:6      | Reached skill level 11 in Stealth
  5167 | D:6      | Reached skill level 5 in Dodging
  5677 | D:6      | Learned a level 2 spell: Blink
  5694 | D:6      | Reached XP level 9. HP: 42/42 MP: 16/19
  5728 | D:6      | Reached skill level 12 in Stealth
  6008 | D:7      | Found an iron altar of Okawaru.
  6491 | D:7      | Found a transporter.
  6492 | D:7      | Noticed a brown ugly thing
  6499 | D:7      | Noticed a toenail golem
  6515 | D:7      | Found a transporter.
  6528 | D:7      | Noticed Caerun's ghost (novice DjHW)
  7629 | D:3      | Bought a book of Frost for 260 gold pieces
  7631 | D:3      | Learned a level 1 spell: Freeze
  7770 | D:7      | Slain by a wight

Illustrated notes

Levels and vault maps discovered:
D:1:      dpeg_arrival_ratfight, layout_basic,
          chequers_ecumenical_altar_simple_redux, serial_shops, shop,
          nicolae_square_shop, nicolae_shop_bloodbath_and_beyond
D:2:      layout_basic, wander_ebering_terrifying_dragon_lair
D:3:      cheibrodos_greedy_goblins, layout_rooms, serial_shops, shop,
          dreamdust_wishing_well
D:4:      layout_rooms, mainiacjoe_overflow_tiny_flanked, uniq_ijyb, uniq_robin,
          uniq_pikel
D:5:      layout_loops_ring, nemelex_xobeh_ov_fountains_minmay,
          nicolae_overflow_two_pavilions, minmay_temple_entry_enclosed_plants
D:6:      layout_cave_pools
D:7:      layout_layer_cave, mainiacjoe_overflow_alcove_2,
          gammafunk_ghost_abyssal_escape
D:8:      layout_cave_pools, kennysheep_mini_moat,
          nicolae_overflow_crystal_walls, serial_undead, serial_undead_f,
          serial_undead_a, serial_undead_a, serial_undead_a, uniq_maggie,
          uniq_psyche
Temple:   hellmonk_temple_two_chambers

Skill      XL: |  1  2  3  4  5  6  7  8  9 |
---------------+----------------------------+-----
Stealth        | 5 6 7 8 9 11 12 | 12.5
Short Blades   | 2 3 4 5 |  5.8
Spellcasting   | 3 4 6 |  6.4
Dodging        | 3 4 5 |  5.2
Hexes          | 4 5 |  5.9
Fighting       | 1 |  1.9
Ice Magic      | 1 |  1.1
Throwing       | |  0.7
Evocations     | |  0.8

Action                   |  1- 3 |  4- 6 |  7- 9 || total
-------------------------+-------+-------+-------++-------
Melee: Dagger            |   173 |     6 |       ||   179
       Punch             |     1 |       |     1 ||     2
       Short sword       |       |   110 |   159 ||   269
Throw: Dart              |     5 |       |     8 ||    13
       Throwing net      |     1 |       |     1 ||     2
 Cast: Ensorcelled Hiber |     7 |     9 |    24 ||    40
       Tukima's Dance    |       |     5 |       ||     5
Evoke: Wand              |       |       |     6 ||     6
  Use: Scroll            |     1 |     1 |    10 ||    12
       Potion            |     1 |     1 |       ||     2
 Stab: Sleeping          |    13 |     3 |    20 ||    36
       Distracted        |       |     1 |     1 ||     2
       Held in net/web   |       |       |     1 ||     1
Armor: Robe              |     5 |     7 |     6 ||    18
Dodge: Dodged            |   107 |    75 |   125 ||   307

Table legend: (Time is in decaauts)
 A = Elapsed time spent in this place.
 B = Non-inter-level travel time spent in this place.
 C = Inter-level travel time spent in this place.
 D = Time resting spent in this place.
 E = Time spent auto-exploring this place.
 F = Levels seen in this place.
 G = Mean time per level.
                   A        B        C        D        E       F      G
               +--------+--------+--------+--------+--------+-----+--------+
         Total |   5244 |   4812 |    432 |    625 |   2233 |   9 |  582.7 |
       Dungeon |   5218 |   4786 |    432 |    625 |   2233 |   8 |  652.2 |
        Temple |     25 |     25 |      0 |      0 |      0 |   1 |   25.0 |
               +--------+--------+--------+--------+--------+-----+--------+

Top non-repeatable levels by time:
     D:5: 946 daAuts
     D:7: 805 daAuts
     D:2: 795 daAuts
     D:4: 757 daAuts
     D:1: 649 daAuts
     D:3: 627 daAuts
     D:6: 614 daAuts
  Temple: 25 daAuts
     D:8: 23 daAuts
